SNL (28 & UNDER)
MEMPHIS BLUES @ SANTA FE DIABLOS
04/29/2026
 
TOP OF THE 1ST
Memphis Blues batting - Pitching for Santa Fe Diablos : RHP Jacob Bryant
Pitching: RHP Jacob Bryant
Batting: SHB Terry Dailey 0-0: Foul Ball, location: 2F
0-1: Swinging Strike
0-2: Strikes out looking
Batting: RHB Jaime Spiridon 0-0: Foul Ball, location: 2F
0-1: Ball
1-1: Ground out 6-3 (Groundball, 6M)
Batting: LHB Phil Cantrell 0-0: Called Strike
0-1: Ball
1-1: Swinging Strike
1-2: Fly out, F9 (Flyball, 9M)
Top of the 1st over - 0 run(s), 0 hit(s), 0 error(s), 0 left on base; Memphis 0 - Santa Fe 0
BOTTOM OF THE 1ST
Santa Fe Diablos batting - Pitching for Memphis Blues : LHP Mario Galván
Pitching: LHP Mario Galván
Batting: LHB John Nicholson 0-0: Foul Ball, location: 2F
0-1: Called Strike
0-2: Foul Ball, location: 2F
0-2: Ball
1-2: Ball
2-2: Strikes out swinging
Batting: SHB George Adams 0-0: Foul Ball, location: 2F
0-1: Ball
1-1: Ball
2-1: Ball
3-1: Base on Balls
Batting: RHB Roberto Zamora 0-0: Ball
1-0: Ball
George Adams steals 2nd base
2-0: Ball
3-0: Called Strike
3-1: SINGLE (Groundball, 6MD)
George Adams to third
Runner from 3rd tries for Home, SAFE, no throw or cutoff
Batting: RHB Murai Ishihara 0-0: Foul Ball, location: 2F
0-1: Called Strike
0-2: Strikes out swinging
Batting: RHB Robert Johnson 0-0: Ball
1-0: Ball
2-0: Called Strike
2-1: Ball
3-1: Fly out, F4 (Popup, 4MS)
Bottom of the 1st over - 1 run(s), 1 hit(s), 0 error(s), 1 left on base; Memphis 0 - Santa Fe 1
TOP OF THE 2ND
Memphis Blues batting - Pitching for Santa Fe Diablos : RHP Jacob Bryant
Batting: LHB Chris Austin 0-0: Ball
1-0: Ball
2-0: Called Strike
2-1: Ball
3-1: Base on Balls
Batting: LHB John Foster 0-0: Called Strike
0-1: Ball
1-1: Ball
2-1: Swinging Strike
2-2: Foul Ball, location: 2F
2-2: Fly out, F8 (Flyball, 8LM)
Batting: RHB Ed Starr 0-0: Ball
1-0: Swinging Strike
1-1: Fielders Choice at 2nd, 4-6 (Groundball, 34)
Batting: RHB Jorge Fuentes 0-0: Ball
1-0: Ball
2-0: Ball
3-0: Called Strike
3-1: Called Strike
3-2: Strikes out swinging
Top of the 2nd over - 0 run(s), 0 hit(s), 0 error(s), 1 left on base; Memphis 0 - Santa Fe 1
BOTTOM OF THE 2ND
Santa Fe Diablos batting - Pitching for Memphis Blues : LHP Mario Galván
Batting: RHB Claudio Souza 0-0: Ball
1-0: Reached on error, E5 (Groundball, 5S)
Batting: RHB Ray Ervin 0-0: Grounds into double play, 6-4-3 (Groundball, 6)
Batting: LHB Gary Kern 0-0: Fly out, F6 (Popup, 6D)
Bottom of the 2nd over - 0 run(s), 0 hit(s), 1 error(s), 0 left on base; Memphis 0 - Santa Fe 1
TOP OF THE 3RD
Memphis Blues batting - Pitching for Santa Fe Diablos : RHP Jacob Bryant
Batting: LHB Ken Nelson 0-0: Called Strike
0-1: Ball
1-1: Ball
2-1: Swinging Strike
2-2: Foul Ball, location: 2F
2-2: Strikes out swinging
Batting: SHB Fernando Gutiérrez 0-0: Ball
1-0: Called Strike
1-1: Ball
2-1: Foul Ball, location: 2F
2-2: Strikes out swinging
Batting: SHB Terry Dailey 0-0: Ball
1-0: Ball
2-0: SINGLE (Line Drive, 7LS)
Batting: RHB Jaime Spiridon 0-0: Ball
1-0: Ball
2-0: Fly out, F9 (Flyball, 9LM)
Top of the 3rd over - 0 run(s), 1 hit(s), 0 error(s), 1 left on base; Memphis 0 - Santa Fe 1
BOTTOM OF THE 3RD
Santa Fe Diablos batting - Pitching for Memphis Blues : LHP Mario Galván
Batting: LHB Roberto Lozano 0-0: Ground out U3 (Groundball, 3L)
Batting: LHB John Nicholson 0-0: Ball
1-0: Foul Ball, location: 2F
1-1: Called Strike
1-2: Foul Ball, location: 2F
1-2: Ball
2-2: Foul Ball, location: 2F
2-2: Fly out, F8 (Flyball, 8RD)
Batting: SHB George Adams 0-0: Called Strike
0-1: Foul Ball, location: 2F
0-2: SINGLE (Flyball, 6MD)
Batting: RHB Roberto Zamora 0-0: Ball
1-0: Called Strike
1-1: Ball
2-1: Ball
3-1: SINGLE (Groundball, 56D)
George Adams to second
Runner from 2nd tries for 3rd, SAFE, no throw or cutoff
Batting: RHB Murai Ishihara 0-0: Ball
1-0: Ball
2-0: Ball
3-0: Base on Balls
Roberto Zamora to second
Batting: RHB Robert Johnson 0-0: Ball
1-0: Called Strike
1-1: Ball
2-1: SINGLE (Flyball, 8LS)
George Adams scores
Roberto Zamora to third
Murai Ishihara to second
Batting: RHB Claudio Souza 0-0: Swinging Strike
0-1: Fly out, F3 (Popup, 23F)
Bottom of the 3rd over - 1 run(s), 3 hit(s), 0 error(s), 3 left on base; Memphis 0 - Santa Fe 2
TOP OF THE 4TH
Memphis Blues batting - Pitching for Santa Fe Diablos : RHP Jacob Bryant
Batting: LHB Phil Cantrell 0-0: Foul Ball, location: 2F
0-1: Ball
1-1: SOLO HOME RUN (Line Drive, 9LD), Distance : 319 ft
Batting: LHB Chris Austin 0-0: Fly out, F8 (Flyball, 8LM)
Batting: LHB John Foster 0-0: SINGLE (Line Drive, 6MD)
Batting: RHB Ed Starr 0-0: SINGLE (Line Drive, 78S)
John Foster to second
Batting: RHB Jorge Fuentes 0-0: Called Strike
0-1: Ball
1-1: Ball
2-1: Foul Ball, location: 2F
2-2: Ball
3-2: SINGLE (Groundball, 6MD)
John Foster to third
Ed Starr to second
Runner from 3rd tries for Home, SAFE, throw made home
Ed Starr to third
Jorge Fuentes to second
Batting: LHB Ken Nelson 0-0: Ball
1-0: Ball
2-0: SINGLE (Line Drive, 9S)
Ed Starr scores
Jorge Fuentes to third
Runner from 3rd tries for Home, throw and OUT!
Ken Nelson to second
Batting: SHB Fernando Gutiérrez 0-0: Ball
1-0: SINGLE (Groundball, 4MD)
Ken Nelson to third
Runner from 3rd tries for Home, SAFE, no throw or cutoff
Batting: SHB Terry Dailey 0-0: Ball
1-0: Ball
2-0: Ball
3-0: Called Strike
3-1: Base on Balls
Fernando Gutiérrez to second
Batting: RHB Jaime Spiridon 0-0: Foul Ball, location: 2F
0-1: Foul Ball, location: 2F
0-2: Ball
1-2: Foul Ball, location: 2F
1-2: Ball
2-2: Strikes out swinging
Top of the 4th over - 4 run(s), 6 hit(s), 0 error(s), 2 left on base; Memphis 4 - Santa Fe 2
BOTTOM OF THE 4TH
Santa Fe Diablos batting - Pitching for Memphis Blues : LHP Mario Galván
Batting: RHB Ray Ervin 0-0: Fly out, F7 (Line Drive, 78S)
Batting: LHB Gary Kern 0-0: Called Strike
0-1: DOUBLE (Line Drive, 78D) - OUT at third base trying to stretch hit.
Batting: LHB Roberto Lozano 0-0: Ball
1-0: Ball
2-0: Ball
3-0: Base on Balls
Pitching: RHP Francisco Arellano
Batting: LHB John Nicholson 0-0: Ball
1-0: Ball
2-0: Ground out 6-3 (Groundball, 6)
Bottom of the 4th over - 0 run(s), 1 hit(s), 0 error(s), 1 left on base; Memphis 4 - Santa Fe 2
TOP OF THE 5TH
Memphis Blues batting - Pitching for Santa Fe Diablos : RHP Jacob Bryant
Batting: LHB Phil Cantrell 0-0: Ball
1-0: Ball
2-0: Foul Ball, location: 2F
2-1: Ground out 4-3 (Groundball, 34)
Batting: LHB Chris Austin 0-0: Called Strike
0-1: Ball
1-1: Foul Ball, location: 2F
1-2: Strikes out looking
Batting: LHB John Foster 0-0: Called Strike
0-1: Ball
1-1: Ball
2-1: Foul Ball, location: 2F
2-2: Ball
3-2: Base on Balls
Batting: RHB Ed Starr 0-0: Called Strike
0-1: Called Strike
0-2: Ball
1-2: Strikes out swinging
Top of the 5th over - 0 run(s), 0 hit(s), 0 error(s), 1 left on base; Memphis 4 - Santa Fe 2
BOTTOM OF THE 5TH
Santa Fe Diablos batting - Pitching for Memphis Blues : RHP Francisco Arellano
Batting: SHB George Adams 0-0: Ball
1-0: Ball
2-0: Ball
3-0: Base on Balls
Batting: RHB Roberto Zamora 0-0: Ball
1-0: Called Strike
1-1: Foul Ball, location: 2F
1-2: Ball
2-2: Foul Ball, location: 2F
2-2: Strikes out swinging
Batting: RHB Murai Ishihara 0-0: Ball
Throwing error on steal attempt, E2
George Adams to third
1-0: SINGLE (Line Drive, 3)
George Adams scores
Batting: RHB Robert Johnson 0-0: Ball
1-0: Swinging Strike
1-1: Ball
Passed Ball!
Murai Ishihara to second
2-1: Foul Ball, location: 2F
2-2: Ball
3-2: Base on Balls
Batting: RHB Claudio Souza 0-0: Ball
1-0: Swinging Strike
1-1: Foul Ball, location: 2F
1-2: Foul Ball, location: 2F
1-2: Ball
2-2: Strikes out swinging
Batting: RHB Ray Ervin 0-0: Ball
1-0: Called Strike
1-1: Ball
2-1: Foul Ball, location: 2F
2-2: Ball
3-2: Foul Ball, location: 2F
3-2: Foul Ball, location: 2F
3-2: Base on Balls
Murai Ishihara to third
Robert Johnson to second
Batting: LHB Gary Kern 0-0: Fly out, F7 (Popup, 56D)
Bottom of the 5th over - 1 run(s), 1 hit(s), 1 error(s), 3 left on base; Memphis 4 - Santa Fe 3
TOP OF THE 6TH
Memphis Blues batting - Pitching for Santa Fe Diablos : RHP Jacob Bryant
Pitching: LHP Daniel Draper
Batting: RHB Jorge Fuentes 0-0: Ball
1-0: DOUBLE (Flyball, 78M)
Batting: LHB Ken Nelson 0-0: Ball
1-0: Called Strike
1-1: Ball
2-1: Ball
3-1: Base on Balls
Batting: SHB Fernando Gutiérrez 0-0: Foul Ball, location: 2F
0-1: SINGLE (Line Drive, 89S)
Jorge Fuentes to third
Ken Nelson to second
Batting: SHB Terry Dailey 0-0: Called Strike
0-1: Foul Ball, location: 2F
0-2: Strikes out looking
Batting: RHB Jaime Spiridon 0-0: Called Strike
0-1: Ball
1-1: Ball
2-1: Fly out, F6 (Popup, 6S)
Batting: LHB Phil Cantrell 0-0: Fly out, F8 (Flyball, 89D)
Top of the 6th over - 0 run(s), 2 hit(s), 0 error(s), 3 left on base; Memphis 4 - Santa Fe 3
BOTTOM OF THE 6TH
Santa Fe Diablos batting - Pitching for Memphis Blues : RHP Francisco Arellano
Batting: LHB Roberto Lozano 0-0: SINGLE (Flyball, 89S)
Batting: LHB John Nicholson 0-0: Foul Ball, location: 2F
0-1: SINGLE (Line Drive, 6D)
Roberto Lozano to second
Batting: SHB George Adams 0-0: Swinging Strike
0-1: Ball
1-1: Foul Ball, location: 2F
1-2: Fly out, F7 (Flyball, 78S)
Batting: RHB Roberto Zamora 0-0: Foul Ball, location: 2F
0-1: Ball
Roberto Lozano steals 3rd base
John Nicholson to second
1-1: Foul Ball, location: 2F
1-2: Foul Ball, location: 2F
1-2: SINGLE (Line Drive, 56)
Roberto Lozano scores
John Nicholson to third
Batting: RHB Murai Ishihara 0-0: Ball
1-0: Foul Ball, location: 2F
1-1: Called Strike
1-2: Strikes out looking
Batting: RHB Robert Johnson 0-0: Ball
1-0: Ball
2-0: Ground out 6-3 (Groundball, 6)
Bottom of the 6th over - 1 run(s), 3 hit(s), 0 error(s), 2 left on base; Memphis 4 - Santa Fe 4
TOP OF THE 7TH
Memphis Blues batting - Pitching for Santa Fe Diablos : LHP Daniel Draper
Pinch Hitting: RHB Dave Wookey 0-0: Swinging Strike
0-1: Foul Ball, location: 2F
0-2: Fly out, F5 (Line Drive, 5L)
Pinch Hitting: RHB Glenn Johnson 0-0: Called Strike
0-1: Foul Ball, location: 2F
0-2: Ball
1-2: SINGLE (Groundball, 3D)
Batting: RHB Ed Starr 0-0: Ball
1-0: Called Strike
1-1: Ball
2-1: Ball
3-1: Swinging Strike
3-2: DOUBLE (Line Drive, 9LS)
Glenn Johnson to third
Runner from 3rd tries for Home, SAFE, no throw or cutoff
Batting: RHB Jorge Fuentes 0-0: Ball
1-0: Called Strike
1-1: Foul Ball, location: 2F
1-2: Strikes out swinging
Batting: LHB Ken Nelson 0-0: Called Strike
0-1: Ball
1-1: Swinging Strike
1-2: Ball
2-2: Strikes out looking
Top of the 7th over - 1 run(s), 2 hit(s), 0 error(s), 1 left on base; Memphis 5 - Santa Fe 4
BOTTOM OF THE 7TH
Santa Fe Diablos batting - Pitching for Memphis Blues : RHP Francisco Arellano
Pitching: RHP Carlos Ledezma
Now in LF: Dave Wookey
Now in CF: Mark Folger
Batting: RHB Claudio Souza 0-0: Ball
1-0: Ball
2-0: DOUBLE (Line Drive, 9LS)
Batting: RHB Ray Ervin 0-0: Called Strike
0-1: Called Strike
0-2: Strikes out swinging
Batting: LHB Gary Kern 0-0: Ball
1-0: Ball
2-0: Swinging Strike
2-1: Swinging Strike
2-2: Ball
3-2: Base on Balls
Batting: LHB Roberto Lozano 0-0: Ball
1-0: Ball
2-0: SINGLE (Line Drive, 56D)
Claudio Souza to third
Gary Kern to second
Batting: LHB John Nicholson 0-0: Ball
1-0: Called Strike
1-1: Ball
2-1: SINGLE (Flyball, 8LS)
Claudio Souza scores
Gary Kern to third
Roberto Lozano to second
Runner from 3rd tries for Home, SAFE, no throw or cutoff
Batting: SHB George Adams 0-0: Called Strike
0-1: Foul Ball, location: 2F
0-2: Strikes out looking
Batting: RHB Roberto Zamora 0-0: Foul Ball, location: 2F
0-1: Swinging Strike
0-2: SINGLE (Line Drive, 8LS)
Roberto Lozano to third
John Nicholson to second
Runner from 3rd tries for Home, SAFE, no throw or cutoff
Batting: RHB Murai Ishihara 0-0: Called Strike
0-1: Fly out, F4 (Popup, 4)
Bottom of the 7th over - 3 run(s), 4 hit(s), 0 error(s), 2 left on base; Memphis 5 - Santa Fe 7
TOP OF THE 8TH
Memphis Blues batting - Pitching for Santa Fe Diablos : LHP Daniel Draper
Pitching: RHP David Sheppard
Batting: SHB Fernando Gutiérrez 0-0: Ground out 1-3 (Groundball, 15S)
Batting: SHB Terry Dailey 0-0: Ball
1-0: Foul Ball, location: 2F
1-1: Foul Ball, location: 2F
1-2: Ball
2-2: Foul Ball, location: 2F
2-2: Ball
3-2: Strikes out swinging
Batting: RHB Jaime Spiridon 0-0: Swinging Strike
0-1: Ball
1-1: Reached on error, E6 (Groundball, 6)
Batting: LHB Phil Cantrell 0-0: Ball
1-0: SINGLE (Groundball, 34D)
Jaime Spiridon to second
Runner from 2nd tries for 3rd, SAFE, throw made to third
Phil Cantrell to second
Pitching: RHP Tex Perkins
Pinch Runner at 3rd Ángel López:
Batting: RHB Dave Wookey 0-0: Called Strike
0-1: Ground out 6-3 (Groundball, 6M)
Top of the 8th over - 0 run(s), 1 hit(s), 1 error(s), 2 left on base; Memphis 5 - Santa Fe 7
BOTTOM OF THE 8TH
Santa Fe Diablos batting - Pitching for Memphis Blues : RHP Carlos Ledezma
Pitching: RHP David Bates
Now at 3B: Ángel López
Batting: RHB Robert Johnson 0-0: Ball
1-0: SINGLE (Groundball, 4MD)
Batting: RHB Claudio Souza 0-0: Ball
1-0: Called Strike
1-1: Ball
2-1: Foul Ball, location: 2F
2-2: Ball
3-2: Foul Ball, location: 2F
3-2: SINGLE (Groundball, 6) (infield hit)
Robert Johnson to second
Batting: RHB Ray Ervin 0-0: Hit by Pitch
Robert Johnson to third
Claudio Souza to second
Batting: LHB Gary Kern 0-0: Foul Ball, location: 2F
0-1: DOUBLE (Line Drive, 9LD)
Robert Johnson scores
Claudio Souza scores
Ray Ervin to third
Runner from 3rd tries for Home, SAFE, throw made home
Pitching: RHP Rafael Ressureio
Batting: LHB Roberto Lozano 0-0: Ball
1-0: SINGLE (Line Drive, 78S)
Gary Kern to third
Batting: LHB John Nicholson 0-0: Ball
Roberto Lozano steals 2nd base
1-0: Swinging Strike
1-1: Called Strike
1-2: Strikes out looking
Batting: SHB George Adams 0-0: Called Strike
0-1: Foul Ball, location: 2F
0-2: Ball
1-2: Strikes out swinging
Batting: RHB Roberto Zamora 0-0: Called Strike
0-1: Foul Ball, location: 2F
0-2: SINGLE (Groundball, 6MD)
Gary Kern scores
Roberto Lozano to third
Throwing error, E8
Roberto Lozano scores
Roberto Zamora to second
Batting: RHB Murai Ishihara 0-0: Called Strike
0-1: Ball
1-1: Foul Ball, location: 2F
1-2: Ball
2-2: SINGLE (Groundball, 56D)
Roberto Zamora to third
Runner from 3rd tries for Home, SAFE, no throw or cutoff
Batting: RHB Robert Johnson 0-0: Ball
1-0: Foul Ball, location: 2F
1-1: Ball
2-1: Ball
3-1: Swinging Strike
3-2: Foul Ball, location: 2F
3-2: DOUBLE (Line Drive, 7LS)
Murai Ishihara to third
Murai Ishihara scores
Batting: RHB Claudio Souza 0-0: Ball
1-0: Foul Ball, location: 2F
1-1: Foul Ball, location: 2F
1-2: Ground out 6-3 (Groundball, 6)
Bottom of the 8th over - 7 run(s), 7 hit(s), 1 error(s), 1 left on base; Memphis 5 - Santa Fe 14
TOP OF THE 9TH
Memphis Blues batting - Pitching for Santa Fe Diablos : RHP Tex Perkins
Now at C: Michael Anderson
Now at 2B: David Hernández
Batting: LHB Mark Folger 0-0: Ball
1-0: Ground out U3 (Groundball, 3)
Batting: RHB Ed Starr 0-0: Called Strike
0-1: Ball
1-1: Ball
2-1: Ball
3-1: Foul Ball, location: 2F
3-2: Base on Balls
Batting: RHB Jorge Fuentes 0-0: Called Strike
0-1: Fly out, F7 (Flyball, 7LM)
Batting: LHB Ken Nelson 0-0: Fly out, F6 (Popup, 5D)
Top of the 9th over - 0 run(s), 0 hit(s), 0 error(s), 1 left on base; Memphis 5 - Santa Fe 14
Monday, December 5th, 2016 - OOTP Baseball 17.12 Build 75